 Dungeon Crawl Stone Soup version 0.22-a0-42-g002c468 (webtiles) character file.

4523 grindst0ne the Archer (level 10, -8/79 HPs)
             Began as a Centaur Hunter on Jan 5, 2018.
             Was an Elder of Okawaru.
             Mangled by an orc knight
             ... wielding a +0 trident
              (19 damage)
             ... in a bailey.
             The game lasted 00:28:41 (8598 turns).

grindst0ne the Archer (Centaur Hunter)              Turns: 8598, Time: 00:28:42

Health: -8/79      AC:  6    Str: 16    XL:     10   Next: 17%
Magic:  0/25       EV: 10    Int:  9    God:    Okawaru [****..]
Gold:   570        SH:  0    Dex: 18    Spells: 9/9 levels left

rFire    + . .     SeeInvis .   a - +1 shortbow
rCold    . . .     Gourm    .   (shield currently unavailable)
rNeg     . . .     Faith    .   F - +0 leather armour {rF+}
rPois    .         Spirit   +   J - +1 helmet
rElec    .         Reflect  .   (no cloak)
rCorr    .         Harm     .   (no gloves)
MR       +....                  (no barding)
Stlth    +.........             u - amulet of guardian spirit
HPRegen  0.23/turn              r - +2 ring of dexterity
MPRegen  0.19/turn              x - ring "Liph" {MP+9 Int-3 Dex+6}

@: very quick
A: large, hooves 3, blink, deformed body, speed 2, frail 1, magic resistance 1,
tough skin 3
a: Blink, Heroism, Renounce Religion


You were in a bailey.
You worshipped Okawaru.
Okawaru was greatly pleased with you.
You were hungry.

You visited 1 branch of the dungeon, and saw 9 of its levels.
You also visited: Bailey.

You collected 570 gold pieces.

Inventory:

Hand Weapons
 a - a +1 shortbow (weapon)
 b - a +3 dagger of venom
Missiles
 d - 114 arrows (quivered)
Armour
 F - a +0 leather armour of fire resistance (worn)
 J - a +1 helmet (worn)
Jewellery
 r - a +2 ring of dexterity (left hand)
 u - an amulet of guardian spirit (around neck)
 x - the ring "Liph" (right hand) {MP+9 Int-3 Dex+6}
   (You found it on level 4 of the Dungeon)

   [ring of magical power]

   It affects your intelligence (-3).
   It affects your dexterity (+6).
   It affects your magic capacity (+9).
Wands
 s - a wand of paralysis (9)
 B - a wand of polymorph (22)
 I - a wand of random effects (36)
Scrolls
 c - a scroll of remove curse
 e - a scroll of noise {unknown}
 k - 2 scrolls of blinking {unknown}
 l - 2 scrolls of immolation {unknown}
 n - 2 scrolls of magic mapping
 q - a scroll of random uselessness {unknown}
 D - a scroll of enchant weapon {unknown}
 E - 2 scrolls of fog {unknown}
 G - a scroll of vulnerability {unknown}
 H - 6 scrolls of teleportation {unknown}
 K - 2 scrolls of amnesia {unknown}
Potions
 g - 2 potions of curing
 h - 2 potions of resistance
 i - a potion of experience {unknown}
 j - 2 potions of flight
 m - a potion of ambrosia
 p - 2 potions of berserk rage
 v - 2 potions of agility
 z - 3 potions of brilliance
Books
 y - a book of Air

   Spells                             Type                      Level
   a - Shock                          Conjuration/Air              1
   b - Swiftness                      Charms/Air                   2
   c - Static Discharge               Conjuration/Air              3
   d - Airstrike                      Air                          4
   e - Lightning Bolt                 Conjuration/Air              5
Comestibles
 f - 19 rations
 A - 8 chunks of flesh


   Skills:
 - Level 8.0 Fighting
 - Level 11.1 Bows
 - Level 1.3 Dodging
 - Level 0.4 Stealth
 + Level 8.2 Invocations
 - Level 6.0 Evocations


You had 9 spell levels left.
You didn't know any spells.

Dungeon Overview and Level Annotations

Branches:
Dungeon (9/15)             Temple (0/1) D:5            Lair (0/6) D:9
    Orc (0/2) D:9

Altars:
Fedhas
Okawaru
Ru
Xom
Zin


Innate Abilities, Weirdness & Mutations

You have hooves in place of feet.
Armour fits poorly on your strangely shaped body.
You cover ground very quickly.
You have extremely tough skin. (AC +3)
You can translocate small distances at will.
You are frail. (-10% HP)
You are resistant to hostile enchantments. (MR+)


Message History

The orc no longer looks unusually strong.
The orc knight roars a battlecry!
The orc goes into a battle-frenzy!
The orc hits you with a war axe!
* * * LOW HITPOINT WARNING * * *
There is an open gate here.
Firing (i - inventory):
d - 115 arrows (quivered)
Press: ? - help, Shift-Dir - straight line, f/p - orc knight
Aim: an orc knight, wielding a glaive and wearing a chain mail (almost dead, unusually strong)
You shoot an arrow. The arrow hits the orc knight.
You kill the orc knight!
Okawaru is honoured by your kill.
Your Invocations skill increases to level 8!
The orc warrior hits you from afar with a spear.
* * * LOW HITPOINT WARNING * * *
The orc hits you with a war axe!
* * * LOW HITPOINT WARNING * * *
You blink.
You feel slightly more hungry.
The orc knight hits you from afar with a trident!!
You die...

##'''##
#.....#
#.....#
#.....#
#..(o.#
#..(.o#
##''ยง##
##.....##
#...@{oo#
#..(..(.#
#...((..#
#...()(.#
#.......#
##..(..##
###(###
#.).#
#.).#


You could see an orc knight, an orc warrior and 2 orcs.

Vanquished Creatures
  Pikel (D:8)
  An orc knight (Bailey)
  Eustachio (D:6)
  4 hogs (D:7)
  A human (D:7)
  5 orc warriors
  3 ice beasts
  2 sky beasts
  4 slaves (D:8)
  A phantom (D:4)
  An ogre (D:8)
  4 centaurs
  A bullfrog (D:6)
  A wyvern zombie (D:6)
  A scorpion (D:7)
  4 wights (D:4)
  A howler monkey (D:7)
  A bullfrog zombie (D:7)
  A crimson imp (D:4)
  A quasit (D:6)
  A centaur skeleton (D:7)
  5 hounds
  2 jellies
  An orc priest (D:9)
  6 orc wizards
  2 iguanas
  6 worker ants
  A worker ant zombie (D:6)
  7 adders
  4 gnolls (D:3)
  A shadow imp (D:6)
  A dart slug (D:2)
  6 leopard geckos
  48 orcs
  3 ball pythons
  6 bats
  2 giant cockroaches (D:1)
  9 goblins
  5 hobgoblins
  10 jackals
  3 quokkas
  6 frilled lizards
  4 kobolds
  A leopard gecko skeleton (D:4)
  A quokka zombie (D:8)
  6 rats
186 creatures vanquished.

Notes
Turn   | Place    | Note
-------+----------+-------------------------------------------
     0 | D:1      | grindst0ne the Centaur Hunter began the quest for the Orb.
     0 | D:1      | Reached XP level 1. HP: 17/17 MP: 1/1
   174 | D:1      | Reached XP level 2. HP: 24/25 MP: 2/2
   668 | D:2      | Reached skill level 6 in Bows
   668 | D:2      | Reached XP level 3. HP: 28/30 MP: 3/3
   826 | D:2      | Found an iron altar of Okawaru.
   986 | D:2      | Became a worshipper of Warmaster Okawaru
  1822 | D:3      | Reached XP level 4. HP: 38/38 MP: 4/4
  2405 | D:4      | Reached skill level 7 in Bows
  2488 | D:4      | Reached XP level 5. HP: 45/46 MP: 5/5
  2634 | D:4      | Got a wavering steel ring
  3038 | D:4      | Reached * piety under Okawaru
  3088 | D:4      | Reached XP level 6. HP: 53/53 MP: 6/6
  3109 | D:4      | Reached skill level 8 in Bows
  3383 | D:4      | Found a glowing silver altar of Zin.
  3429 | D:4      | Reached skill level 5 in Fighting
  3724 | D:5      | Entered Level 5 of the Dungeon
  3770 | D:5      | Found a staircase to the Ecumenical Temple.
  4137 | D:5      | Noticed an ice beast
  4187 | D:5      | Killed an ice beast
  4187 | D:5      | Reached skill level 9 in Bows
  4187 | D:5      | Reached XP level 7. HP: 62/62 MP: 7/7
  4668 | D:6      | Found a blossoming altar of Fedhas.
  4892 | D:6      | Identified the ring "Liph" {MP+9 Int-3 Dex+6} (You found it on level 4 of the Dungeon)
  5045 | D:6      | Found a sacrificial altar of Ru.
  5046 | D:6      | Noticed Eustachio
  5090 | D:6      | Reached ** piety under Okawaru
  5168 | D:6      | Killed Eustachio
  5168 | D:6      | Reached skill level 10 in Bows
  5168 | D:6      | Reached XP level 8. HP: 60/71 MP: 8/8
  5570 | D:6      | Reached skill level 11 in Bows
  5681 | D:6      | Reached *** piety under Okawaru
  5853 | D:6      | Reached skill level 1 in Invocations
  5897 | D:6      | Reached skill level 1 in Evocations
  6162 | D:7      | Reached XP level 9. HP: 60/81 MP: 11/11
  6216 | D:7      | Reached **** piety under Okawaru
  6703 | D:7      | Reached skill level 5 in Invocations
  6741 | D:7      | Received a gift from Okawaru
  7506 | D:8      | Found a shimmering altar of Xom.
  7532 | D:8      | Reached skill level 5 in Evocations
  7642 | D:8      | Noticed Pikel
  7673 | D:8      | Killed Pikel
  8084 | D:9      | Found a flagged portal.
  8094 | Bailey   | Entered a bailey
  8334 | Bailey   | Reached XP level 10. HP: 36/88 MP: 15/15
  8530 | Bailey   | Noticed an orc knight
  8530 | Bailey   | Noticed an orc knight
  8532 | Bailey   | Gained mutation: You are resistant to hostile enchantments. (MR+) [potion of mutation]
  8532 | Bailey   | Gained mutation: You are frail. (-10% HP) [potion of mutation]
  8532 | Bailey   | Gained mutation: You can translocate small distances at will. [potion of mutation]
  8597 | Bailey   | Killed an orc knight
  8598 | Bailey   | Mangled by an orc knight

Vault maps used:
D:1:      ncdulo_wetmaze, feat_on_display
D:2:      overflow_temple_1_default, st_stairs_11
D:4:      lemuel_coloured_pillars_altar, first_ration
D:5:      temple_green
D:6:      old_standard_altar, fedhas_bush_and_centaur_altar, serial_park_tiny_2,
          uniq_eustachio
D:7:      grunt_livestock
D:8:      kennysheep_mini_moat, hangedman_abyss_or_decor_stagger, uniq_pikel
D:9:      minmay_lair_entry_lava, orc_0_dummy, enter_bailey_2, serial_shops,
          nicolae_shop_crystal
Bailey:   bailey_polearm_5, bailey

Skill      XL: |  1  2  3  4  5  6  7  8  9 10 |
---------------+-------------------------------+-----
Bows           | 6 7 9 10 11 | 11.1
Fighting       | 3 4 5 6 8 |  8.0
Invocations    | 3 7 8 |  8.2
Evocations     | 2 5 6 |  6.0
Dodging        | |  1.3
Stealth        | |  0.4

Action                   |  1- 3 |  4- 6 |  7- 9 | 10-12 || total
-------------------------+-------+-------+-------+-------++-------
Melee: Dagger            |    64 |     4 |   129 |       ||   197
       Kick              |    10 |    13 |    47 |       ||    70
       Whip              |       |    16 |       |       ||    16
       Great sword       |       |    23 |       |       ||    23
       Shortbow          |       |       |     1 |       ||     1
 Fire: Shortbow          |    72 |   116 |   327 |    51 ||   566
Invok: Heroism           |       |       |     1 |     2 ||     3
 Abil: Blink             |       |       |       |     2 ||     2
Evoke: Wand              |       |       |     2 |       ||     2
  Use: Scroll            |     2 |     1 |    13 |       ||    16
       Potion            |       |       |     2 |     4 ||     6
  Eat: Chunk             |     1 |     6 |    10 |       ||    17
Armor: Leather armour    |    36 |    19 |    58 |     3 ||   116
Dodge: Dodged            |    33 |    36 |   132 |     9 ||   210
       Rpst.: Great sword |       |     3 |       |       ||     3

Table legend:
 A = Spawn XP
 B = Non-spawn XP
 C = Spawn XP percentage of total XP
 D = Spawn monster count
 E = Non-spawn monster count
 F = Spawn count percentage of total count
 G = Total turns spent on level
                    A         B        C        D         E        F      G
               +---------+---------+-------+---------+---------+-------+---------
         Total |       0 |    6462 |   0.0 |       0 |     182 |   0.0 |  8598
               +---------+---------+-------+---------+---------+-------+---------
           D:1 |       0 |      31 |   0.0 |       0 |      20 |   0.0 |   654
           D:2 |       0 |      54 |   0.0 |       0 |      16 |   0.0 |   943
           D:3 |       0 |      92 |   0.0 |       0 |      17 |   0.0 |   856
           D:4 |       0 |     464 |   0.0 |       0 |      11 |   0.0 |  1417
           D:5 |       0 |     345 |   0.0 |       0 |      21 |   0.0 |   983
           D:6 |       0 |    1519 |   0.0 |       0 |      28 |   0.0 |  1145
           D:7 |       0 |    1555 |   0.0 |       0 |      18 |   0.0 |  1254
           D:8 |       0 |    1091 |   0.0 |       0 |      17 |   0.0 |   716
           D:9 |       0 |      96 |   0.0 |       0 |       6 |   0.0 |   126
        Bailey |       0 |    1215 |   0.0 |       0 |      28 |   0.0 |   504
               +---------+---------+-------+---------+---------+-------+---------
